AoeStats
← AiM | Facu1414

Arena

508763439Analyzed
4v4 RM · 7d ago on Sep 23, 2026· 36m 40s· 8 players
Game mode
Random Map
Map size
Large (8 player)
Population
200
Speed
Normal
Resources
Standard
Victory
Conquest
Starting age
Dark Age
Ending age
Imperial Age
RankedLock teamsTeams togetherTeam positionsShared explorationLock speedFull tech treeHidden civsTurbo modeCheats
Victory
Defeat
🇵🇪 Cumans · Peru
1745
+10
🇺🇸 Tupi · United States
1718
+11
🇳🇱 Slavs · Netherlands
1558
+18
🇨🇴 Danes · Colombia
1451
+22
🇨🇱 Khmer · Chile
1667
-18
🇦🇷 Cumans · Argentina
1584
-15
🇨🇱 Spanish · Chile
1580
-14
🇦🇷 Malay · Argentina
1567
-14
MZTK | KaLiuM
6:20 Loom
9:06 Feudal Age
14:01 Castle Age
13:01 Double-Bit Axe
13:21 Horse Collar
18:36 Town Watch
21:15 Wheelbarrow
20:33 Gold Mining
26:19 Imperial Age
26:15 Hand Cart
26:33 Bow Saw
27:11 Fletching
35:42 Gold Shaft Mining
34:59 Stone Mining
noru
8:50 Feudal Age
9:01 Loom
18:38 Double-Bit Axe
20:44 Town Watch
21:22 Bloodlines
25:11 Wheelbarrow
28:30 Castle Age
28:11 Gold Mining
28:02 Horse Collar
28:43 Scale Barding Armor
29:39 Forging
29:42 Bow Saw
31:04 Capped Ram
33:36 Hand Cart
Mandrake
11:21 Feudal Age
12:32 Double-Bit Axe
12:35 Horse Collar
15:25 Castle Age
16:31 Bow Saw
16:24 Heavy Plow
21:55 Wheelbarrow
23:33 Hand Cart
23:05 Loom
23:06 Town Watch
24:46 Gold Mining
28:03 Imperial Age
25:45 Scale Mail Armor
25:08 Pikeman
26:05 Squires
26:16 Forging
27:19 Chain Mail Armor
28:40 Iron Casting
29:30 Plate Mail Armor
28:22 Halberdier
29:36 Conscription
30:32 Blast Furnace
29:10 Capped Ram
30:18 Druzhina
31:04 Siege Ram
Scotty
10:45 Feudal Age
14:28 Castle Age
12:34 Double-Bit Axe
13:20 Gold Mining
13:29 Horse Collar
15:31 Bow Saw
15:40 Fletching
17:59 Bodkin Arrow
22:14 Ballistics
23:04 Padded Archer Armor
25:29 Wheelbarrow
26:44 Heavy Plow
31:17 Imperial Age
30:59 Loom
31:29 Hand Cart
32:01 Gold Shaft Mining
31:18 Stone Mining
31:58 Bracer
33:48 Chemistry
33:55 Curare
34:33 Elite Blackwood Archer
36:25 Leather Archer Armor
AIM | Agua cate 98
1:16 Loom
9:31 Loom
11:16 Feudal Age
16:14 Castle Age
13:58 Man-at-Arms
18:55 Double-Bit Axe
19:22 Horse Collar
20:03 Long Swordsman
22:04 Town Watch
23:53 Squires
23:39 Arson
26:10 Wheelbarrow
28:28 Bow Saw
28:25 Heavy Plow
29:52 Stone Mining
29:53 Gold Mining
32:05 Forging
32:43 Hand Cart
33:28 Iron Casting
37:51 Imperial Age
35:32 Fletching
AiM | EleuieseKa
10:27 Feudal Age
13:15 Castle Age
12:18 Loom
17:43 Gold Mining
28:10 Wheelbarrow
29:21 Double-Bit Axe
31:06 Hand Cart
32:54 Horse Collar
33:25 Bow Saw
33:52 Gold Shaft Mining
33:09 Stone Mining
37:40 Imperial Age
36:22 Scale Barding Armor
36:34 Bloodlines
36:25 Husbandry
AiM | PoRRo
11:05 Feudal Age
10:37 Loom
14:41 Castle Age
12:55 Double-Bit Axe
13:07 Horse Collar
16:28 Town Watch
20:39 Padded Archer Armor
23:03 Fletching
26:08 Bodkin Arrow
29:58 Imperial Age
34:15 Fortified Wall
36:24 Chemistry
35:55 Masonry
AiM | Facu1414
8:43 Feudal Age
9:33 Double-Bit Axe
11:33 Horse Collar
15:42 Wheelbarrow
16:28 Gold Mining
20:41 Castle Age
18:30 Loom
19:33 Scale Barding Armor
19:38 Forging
21:33 Bloodlines
22:03 Chain Barding Armor
22:19 Iron Casting
22:24 Bow Saw
23:09 Town Watch
28:27 Hand Cart
32:44 Gold Shaft Mining
32:10 Heavy Plow
36:33 Imperial Age
Connection lost

Rejoining the realm…

Still unreachable

The connection could not be restored.

Session expired

The server has moved on; the page needs a fresh start.